Map: Terrasses de Prion

Players

Sunokasuri - Winner!

  • Race: Zerg Zerg
  • League: Diamond

Kamenashi

  • Race: Terran Terran
  • League: Diamond

VOD

Have the link to the VOD?

Description

Time

  • Played on: April 20, 2016, 1:15 p.m.
  • Length: 7:20
Show
View Real Time Build Order
Export as new Build Order

Sunokasuri Zerg - Winner!

Build Orders: Hatch First 

Get SALT Encoding   

  12  0:01  Drone  
  13  0:12  Overlord  
  13  0:17  Drone  
  14  0:31  Drone x2  
  16  0:35  Drone  
  17  0:53  Hatchery  
  16  0:58  Drone, Extractor  
  16  1:15  Spawning Pool  
  16  1:16  Drone  
  16  1:21  Drone  
  17  1:26  Drone  
  18  1:56  Overlord  
  18  1:59  Drone  
  19  2:01  Metabolic Boost  
  19  2:02  Queen  
  19  2:04  Zergling x2  
  22  2:10  Zergling x2  
  23  2:19  Queen  
  25  2:25  Zergling x2  
  25  2:28  Drone  
  25  2:29  Drone  
  28  2:34  Drone  
  29  2:39  Drone x2  
  31  2:47  Drone, Baneling Nest  
  31  2:49  Drone  
  31  3:01  Zergling x4  
  31  3:02  Zergling x2  
  34  3:10  Overlord  
  34  3:16  Zergling x2  
  35  3:23  Overlord  
  35  3:33  Zergling x10  
  40  3:37  Hatchery  
  39  3:45  Zergling x6  
  39  3:47  Zergling x6  
  44  3:58  Zergling x6  
  47  4:11  Baneling x3  
  47  4:12  Baneling x4  
  47  4:14  Drone x2  
  49  4:19  Drone  
  49  4:23  Drone  
  51  4:26  Overlord x2  
  51  4:29  Overlord  
  51  4:34  Drone  
  51  4:36  Overlord  
  48  4:46  Drone  
  48  4:47  Drone x3  
  48  4:50  Drone  
  48  4:51  Queen  
  50  4:54  Spore Crawler  
  50  4:57  Spore Crawler  
  43  5:06  Zergling x14  
  47  5:16  Drone x2  
  47  5:19  Drone  
  48  5:28  Drone x5  
  52  5:29  Drone x3  
  52  5:35  Roach Warren  
  55  5:37  Drone x2, Extractor  
  55  5:38  Queen  
  55  5:39  Queen  
  60  5:44  Drone x3  
  63  5:50  Drone  
  63  5:51  Extractor  
  63  5:53  Drone  
  63  5:56  Drone x4  
  63  5:57  Drone x3  
  70  6:02  Extractor  
  70  6:06  Overlord  
  70  6:12  Drone x4  
  74  6:18  Roach  
  74  6:19  Roach x2  
  74  6:25  Roach x6  
  92  6:27  Overlord  
  91  6:36  Roach x4  
  96  6:40  Overlord  
  96  6:41  Overlord  
  96  6:46  Extractor  
  95  6:47  Roach x2  
  95  6:48  Roach, Extractor  
  95  6:53  Roach x2  
  105  7:15  Ravager x3  
Show
View Real Time Build Order
Export as new Build Order

Kamenashi Terran 

Build Orders: Liberator Opening, Reaper Expand 

Get SALT Encoding   

  12  0:01  SCV  
  13  0:13  SCV  
  14  0:17  Supply Depot  
  14  0:25  SCV  
  15  0:39  SCV  
  15  0:41  Barracks  
  16  0:45  Refinery  
  16  0:51  SCV  
  17  1:03  SCV  
  18  1:15  SCV  
  19  1:28  Bunker  
  19  1:29  Orbital Command  
  19  1:31  Reaper  
  20  1:52  Command Center  
  20  1:56  SCV  
  21  2:02  Supply Depot  
  22  2:08  SCV  
  22  2:12  Barracks Reactor  
  22  2:20  SCV  
  23  2:27  Factory  
  23  2:28  Refinery  
  23  2:32  SCV  
  24  2:44  SCV  
  25  2:57  SCV  
  26  3:04  Orbital Command  
  26  3:07  Bunker  
  26  3:09  SCV  
  27  3:13  Starport  
  27  3:19  Marine, Hellion x2  
  32  3:21  SCV  
  33  3:33  SCV  
  34  3:41  Liberator  
  34  3:43  Supply Depot  
  34  3:45  SCV  
  34  3:46  Hellion x2  
  33  3:57  SCV  
  33  4:02  Armory  
  31  4:09  SCV  
  27  4:12  Orbital Command  
  27  4:21  SCV  
  28  4:25  Hellion  
  28  4:27  Supply Depot  
  30  4:33  SCV  
  30  4:45  SCV  
  30  4:47  Hellion x2  
  30  4:50  SCV  
  22  4:58  SCV  
  19  5:02  SCV  
  16  5:10  SCV  
  13  5:36  Supply Depot  
  13  5:41  Medivac  
  15  5:44  Orbital Command  
  15  6:05  SCV, Hellion x2  
  15  6:06  Barracks Tech Lab  
  20  6:12  SCV  
  20  6:17  SCV  
  22  6:24  SCV  
  23  6:29  SCV  
  24  6:36  SCV  
  21  6:41  SCV  
  22  6:48  SCV  
  19  6:55  SCV, Marine, Hellion  
  19  6:56  Hellion  
  19  7:00  SCV  
  26  7:08  Supply Depot  
  26  7:09  Supply Depot  
  26  7:11  Supply Depot  
Tags
 
Add a new tag
Caveats
  • Supply blocks, unpowered buildings, or Contaminate may cause inaccurate times.
  • Supply counts are checked every 10 seconds.